 Dungeon Crawl Stone Soup version 0.31-a0-1603-gbec6b6ccbf (webtiles) character file.

Game seed: 3829545675776042555

49 Laraso the Grave Robber (level 3, 0/24 HPs)
             Began as a Mummy Necromancer on Jan 7, 2024.
             Slain by Crazy Yiuf
             ... wielding a +2 quarterstaff of chaos
              (1 damage)
             ... on level 2 of the Dungeon.
             The game lasted 00:03:02 (1196 turns).

Laraso the Grave Robber (Mummy Necromancer)         Turns: 1196, Time: 00:03:03

Health: 0/24       AC:  3    Str: 11    XL:     3   Next: 53%
Magic:  5/8        EV: 12    Int: 16    God:
Gold:   64         SH:  0    Dex: 12    Spells: 9/10 levels left

rFire   x . .        c - +0 short sword
rCold   + . .        (no shield)
rNeg    + + +        a - +0 robe
rPois   ∞            (no helmet)
rElec   .            f - +0 cloak
rCorr   .            (no gloves)
SInv    .            (no boots)
Will    .....        (no amulet)
Stlth   ++           (no ring)
HPRegen 0.24/turn    (no ring)
MPRegen 0.11/turn

%: faith
@: no status effects
A: cold resistance 1, negative energy resistance 3, torment resistance 2, heat
vulnerability 1, in touch with death 1, no potions, faith
a: no special abilities


You were on level 2 of the Dungeon.
You visited 1 branch of the dungeon, and saw 2 of its levels.

You collected 64 gold pieces.

Inventory:

Hand Weapons
 c - a +0 short sword (weapon)
 d - a +0 long sword
Armour
 a - a +0 robe (worn)
 f - a +0 cloak (worn)


   Skills:
 - Level 1.5 Dodging
 - Level 1.5 Stealth
 - Level 4.0 Spellcasting
 + Level 4.7 Necromancy


You had 9 spell levels left.
You knew the following spells:

 Your Spells              Type           Power      Damage    Failure   Level
a - Necrotise             Necr           100%       1d9       2%          1

Your spell library contained the following spells:

 Spells                   Type           Power      Damage    Failure   Level
 Vampiric Draining        Necr           27%        2d7       8%          3
 Animate Dead             Necr           27%        N/A       24%         4
 Call Imp                 Summ           6%         N/A       26%         2
 Curse of Agony           Necr           27%        N/A       56%         5
 Borgnjor's Vile Clutch   Necr/Erth      8%         N/A       87%         5
 Death Channel            Necr           13%        N/A       98%         6
 Summon Hydra             Summ           1%         N/A       100%        7
 Sublimation of Blood     Necr           Unusable   N/A       N/A         2

Dungeon Overview and Level Annotations

Branches:
Dungeon (2/15)

Altars:

Annotations:
D:2 Crazy Yiuf


Innate Abilities, Weirdness & Mutations

You are immune to poison.
Your flesh is cold resistant. (rC+)
You are immune to negative energy. (rN+++)
You are immune to unholy pain and torment.
You are vulnerable to heat. (rF-)
You are in touch with the powers of death.
You do not drink.
You have a special connection with the divine. (Faith)


Message History

As you read the scroll labelled LUHUAM LEDUO, it crumbles to dust.
It is a scroll of identify.
You don't currently have any unidentified items.
You open the door.
Casting: Necrotise (safe; 2% risk of failure)
Confirm with . or Enter, or press ? or * to list all spells.
Aiming: Necrotise (safe; 2% risk of failure)
Press: ? - help, Shift-Dir - straight line, f - Crazy Yiuf
Aim: Crazy Yiuf, wielding a +2 quarterstaff of chaos and wearing a +2 cloak (chance to affect: 88%)
You feel a surge of power!
Crazy Yiuf writhes in agony.
Crazy Yiuf whimpers, "Leather sanguine down!"
Crazy Yiuf hits you with a +2 quarterstaff of chaos.
Casting: Necrotise (safe; 2% risk of failure)
Confirm with . or Enter, or press ? or * to list all spells.
Aiming: Necrotise (safe; 2% risk of failure)
Press: ? - help, Shift-Dir - straight line, f/p - Crazy Yiuf
Aim: Crazy Yiuf, wielding a +2 quarterstaff of chaos and wearing a +2 cloak (moderately wounded, chance to affect: 88%)
You feel a surge of power!
Crazy Yiuf writhes in agony.
Crazy Yiuf whimpers, "Mama tortoise light!"
Crazy Yiuf hits you with a +2 quarterstaff of chaos!
Ouch! That really hurt!
* * * LOW HITPOINT WARNING * * *
Crazy Yiuf burns you.
* * * LOW HITPOINT WARNING * * *
Casting: Necrotise (safe; 2% risk of failure)
Confirm with . or Enter, or press ? or * to list all spells.
Aiming: Necrotise (safe; 2% risk of failure)
Press: ? - help, Shift-Dir - straight line, f/p - Crazy Yiuf
Aim: Crazy Yiuf, wielding a +2 quarterstaff of chaos and wearing a +2 cloak (moderately wounded, chance to affect: 88%)
Okay, then.
Casting: Necrotise (safe; 2% risk of failure)
Confirm with . or Enter, or press ? or * to list all spells.
Aiming: Necrotise (safe; 2% risk of failure)
Press: ? - help, Shift-Dir - straight line, f/p - Crazy Yiuf
Aim: Crazy Yiuf, wielding a +2 quarterstaff of chaos and wearing a +2 cloak (moderately wounded, chance to affect: 88%)
You feel a surge of power!
Crazy Yiuf barely resists.
Crazy Yiuf hits you with a +2 quarterstaff of chaos.
* * * LOW HITPOINT WARNING * * *
You convulse.
You die...

##### ....##
†##..##
####..##
##### ##..#
#..)#
######.##
#...#
.....#..####
...
<....#.....#
#g#
.........###
♣♣@♣
.....###.##
♣.♣♣ [....#
#..# ♣♣.♣
.....# ##.#
♣.♣♣ .....#
#.# ♣♣.♣♣
..#### #.#
♣...♣♣ .##
#.## ♣....♣
#### #..#
#....# ...#
##.# #....#


You could see Crazy Yiuf.

Vanquished Creatures
  2 adders (D:2)
  6 endoplasms
  2 giant cockroaches (D:2)
  A hobgoblin (D:1)
  A jackal (D:1)
  3 ball pythons (D:1)
  5 frilled lizards
  4 goblins
  3 kobolds (D:1)
27 creatures vanquished.

Vanquished Creatures (collateral kills)
  A goblin (D:1)
  A hobgoblin (D:1)
  A jackal (D:1)
  A quokka (D:1)
4 creatures vanquished.

Grand Total: 31 creatures vanquished

Notes
Turn   | Place    | Note
-------+----------+-------------------------------------------
     0 | D:1      | Laraso the Mummy Necromancer began the quest for the Orb.
     0 | D:1      | Reached XP level 1. HP: 13/13 MP: 4/4
   148 | D:1      | You fall into a shaft and drop 1 floor!
   204 | D:2      | Reached XP level 2. HP: 14/19 MP: 0/6
   419 | D:1      | Reached XP level 3. HP: 13/24 MP: 6/8
   775 | D:1      | Found a faded altar of an unknown god.
  1049 | D:2      | Found a runed translucent door.
  1050 | D:2      | Noticed Crazy Yiuf
  1196 | D:2      | HP: 1/24 [Crazy Yiuf/+2 quarterstaff of chaos (2)]
  1196 | D:2      | Slain by Crazy Yiuf

Illustrated notes

Levels and vault maps discovered:
D:1:      wheals_arrival_linesprint, layout_basic,
          dreamdust_ecumenical_altar_grove
D:2:      layout_rooms, uniq_crazy_yiuf_cottage

Skill      XL: |  1  2  3 |
---------------+----------+-----
Spellcasting   | 3 4 |  4.0
Dodging        | |  1.5
Stealth        | |  1.5
Necromancy     | |  4.7

Action                     || total
---------------------------++-------
  Melee: Short sword       ||    24
   Cast: Necrotise         ||    41
    Use: Scroll            ||     3
   Stab: Sleeping          ||     1
 Armour: Robe              ||    15
  Dodge: Dodged            ||    21

Table legend: (Time is in decaauts)
 A = Elapsed time spent in this place.
 B = Non-inter-level travel time spent in this place.
 C = Inter-level travel time spent in this place.
 D = Time resting spent in this place.
 E = Time spent auto-exploring this place.
 F = Levels seen in this place.
 G = Mean time per level.
                   A        B        C        D        E       F      G
               +--------+--------+--------+--------+--------+-----+--------+
         Total |   1194 |   1166 |     28 |    352 |    586 |   2 |  597.0 |
       Dungeon |   1194 |   1166 |     28 |    352 |    586 |   2 |  597.0 |
               +--------+--------+--------+--------+--------+-----+--------+

Top non-repeatable levels by time:
     D:1: 717 daAuts
     D:2: 477 daAuts
